 Dungeon Crawl Stone Soup version 0.18.1-48-g4cf74bf (webtiles) character file.

3024 Mesmaeker13 the Conjurer (level 9, -5/74 HPs)
             Began as a Demigod Conjurer on Sept 8, 2016.
             Killed by divine providence
             ... invoked by an orc priest
              (16 damage)
             ... on level 7 of the Dungeon.
             The game lasted 00:31:49 (11643 turns).

Mesmaeker13 the Conjurer (Demigod Conjurer)        Turns: 11643, Time: 00:31:51

Health: -5/74      AC:  7    Str: 13    XL:     9   Next: 30%
Magic:  18/18      EV: 16    Int: 23    God:
Gold:   0          SH:  0    Dex: 16    Spells: 4 memorised, 5 levels left

rFire  . . .     SeeInvis +     G - +2 spear (venom)
rCold  . . .     Gourm    .     n - +0 leather armour
rNeg   . . .     Faith    .     (no shield)
rPois  .         Spirit   .     (no helmet)
rElec  .         Dismiss  .     k - +2 cloak
rCorr  .         Reflect  .     w - +0 pair of gloves
SustAt +         Harm     .     (no boots)
MR     .....                    (no amulet)
Stlth  ++........               s - ring of sustain attributes
                                p - ring of see invisible

@: not resistant to hostile enchantments, unstealthy
A: high mp 1, sustain attributes
a: no special abilities


You were on level 7 of the Dungeon.
You were hungry.

You visited 2 branches of the dungeon, and saw 9 of its levels.

You collected 28 gold pieces.
You spent 28 gold pieces at shops.

Inventory:

Hand Weapons
 t - a +0 blowgun
 G - a +2 spear of venom (weapon)
 R - a +3 vampiric dagger
Missiles
 e - 3 needles of sleeping
 u - 79 poisoned needles
 K - a throwing net (quivered)
Armour
 k - a +2 cloak (worn)
 n - a +0 leather armour (worn)
 w - a +0 pair of gloves (worn)
 I - a +0 robe
Jewellery
 i - an uncursed ring of fire
 p - a ring of see invisible (left hand)
 s - a ring of sustain attributes (right hand)
 O - an uncursed ring of resist corrosion
Wands
 D - a wand of polymorph (11/24)
Scrolls
 a - a scroll of enchant weapon
 d - 5 scrolls of remove curse
 h - a scroll of vulnerability {unknown}
 j - 4 scrolls of fear
 o - a scroll of blinking {unknown}
 r - 2 scrolls of teleportation {unknown}
 x - 3 scrolls of amnesia
 B - a scroll of random uselessness {unknown}
 E - a scroll of fog {unknown}
 L - a scroll of enchant armour {unknown}
Potions
 g - 3 potions of haste
 q - a potion of degeneration {unknown}
 v - a potion of invisibility {unknown}
 A - 3 potions of flight {unknown}
 C - 3 potions of agility {unknown}
 F - 2 potions of cancellation {unknown}
 H - a potion of berserk rage {unknown}
 N - a potion of resistance {unknown}
Books
 b - a book of Conjurations

   Spells                             Type                      Level
   a - Magic Dart                     Conjuration                  1
   b - Searing Ray                    Conjuration                  2
   c - Dazzling Spray                 Conjuration/Hexes            3
   d - Fulminant Prism                Conjuration/Hexes            4
   e - Iskenderun's Mystic Blast      Conjuration                  4
   f - Iskenderun's Battlesphere      Conjuration/Charms           5
 y - a book of Unlife

   Spells                             Type                      Level
   a - Recall                         Summoning/Translocation      3
   b - Animate Dead                   Necromancy                   4
   c - Control Undead                 Necromancy                   4
   d - Cigotuvi's Embrace             Necromancy                   5
   e - Death Channel                  Necromancy                   6
   f - Simulacrum                     Ice/Necromancy               6
Comestibles
 c - 8 bread rations
 l - a beef jerky
 z - a fruit
 J - a royal jelly


   Skills:
 - Level 5.2 Fighting
 - Level 0.8 Short Blades
 + Level 6.6 Dodging
 - Level 1.7 Stealth
 + Level 4.1 Spellcasting
 + Level 7.2 Conjurations
 - Level 3.0 Hexes
 + Level 3.0 Charms


You had 5 spell levels left.
You knew the following spells:

 Your Spells              Type           Power        Failure   Level  Hunger
a - Magic Dart            Conj           ####         1%          1    None
b - Searing Ray           Conj           #####.       1%          2    #......
c - Dazzling Spray        Conj/Hex       ####..       6%          3    ##.....
d - Iskenderun's Battles  Conj/Chrm      ####....     47%         5    ######.


Dungeon Overview and Level Annotations

Branches:
Dungeon (8/15)             Temple (1/1) D:6
   Lair: D:8-11

Shops:
D:4 *   D:5 *

Annotations:
D:3 tyranidshit's ghost, amateur DsAK
D:7 Maurice


Innate Abilities, Weirdness & Mutations

You have an increased reservoir of magic (+10% MP).
Your attributes are resistant to harm.


Message History

Drink which item? (? for menu, Esc to quit)
You feel better.
The orc priest mumbles some strange prayers to Beogh against you.
Beogh smites you!
* * * LOW HITPOINT WARNING * * *
Drink which item? (? for menu, Esc to quit)
You don't have any such object.
Drink which item? (? for menu, Esc to quit)
You can't drink that!
Unknown command.
Read which item? (? for menu, Esc to quit)
You can't read that!
Read which item? (? for menu, Esc to quit)
As you read the scroll of fear, it crumbles to dust.
You assume a fearsome visage.
The orc priest resists with some effort.
The orc priest looks frightened!
Maurice looks frightened!
The orc priest calls down the wrath of Beogh upon you.
Beogh smites you!
You die...

########### #.........#
#################.........#
.........[................#
####...######..##.........#
#<..# #.............#
#...######.##...########
##...?..[)..####..#####
###....#####..@o@.......#
.##....# ##)o#####..##.###
.##....####>.## ##.##...#
.##....#..).## #......#
.#..###..#### ########
...##...## #..#).###
#..#.#############
.................######


You could see Maurice (fleeing) and 2 orc priests.

Vanquished Creatures
  The ghost of baljet the Ducker, a novice MfIE of Okawaru (D:5)
  The ghost of Xelenos the Cutter, an amateur HaAs (D:4)
  Menkaure (D:6)
  A water moccasin (D:5)
  2 orc warriors
  3 centaurs
  2 ogres
  2 giant frogs
  Blork the orc (D:5)
  5 scorpions
  5 killer bees (D:7)
  A howler monkey (D:6)
  A crimson imp (D:4)
  2 centaur zombies
  2 jellies (D:2)
  2 hounds
  2 orc priests (D:5)
  A gnoll shaman (D:6)
  A centaur skeleton (D:6)
  2 iguanas
  5 orc wizards
  3 worker ants (D:4)
  9 adders
  14 gnolls
  A shadow imp (D:6)
  An adder skeleton (D:6)
  5 worms
  A dart slug (D:1)
  5 giant geckos
  11 orcs
  A ball python (D:2)
  4 giant cockroaches
  9 goblins
  12 hobgoblins
  6 jackals
  5 quokkas
  A sheep (D:2)
  11 bats
  6 giant newts
  12 kobolds
  10 rats
170 creatures vanquished.

Notes
Turn   | Place    | Note
--------------------------------------------------------------
     0 | D:1      | Mesmaeker13 the Demigod Conjurer began the quest for the Orb.
     0 | D:1      | Reached XP level 1. HP: 14/14 MP: 5/5
   864 | D:1      | Reached skill level 4 in Conjurations
   864 | D:1      | Reached XP level 2. HP: 20/20 MP: 5/7
  1528 | D:1      | Reached XP level 3. HP: 22/26 MP: 8/8
  1773 | D:2      | Learned a level 2 spell: Searing Ray
  2695 | D:2      | Reached XP level 4. HP: 34/34 MP: 2/10
  3035 | D:2      | Reached skill level 1 in Fighting
  3248 | D:2      | Found a shimmering altar of Xom.
  3417 | D:3      | Reached XP level 5. HP: 33/40 MP: 4/12
  3644 | D:3      | Learned a level 3 spell: Dazzling Spray
  3803 | D:3      | Noticed tyranidshit's ghost (amateur DsAK)
  3997 | D:4      | Noticed a centaur
  4008 | D:4      | Killed a centaur
  4008 | D:4      | Reached skill level 5 in Conjurations
  4021 | D:4      | Reached XP level 6. HP: 19/48 MP: 0/13
  4057 | D:4      | Noticed Xelenos's ghost (amateur HaAs)
  5219 | D:4      | Reached skill level 1 in Hexes
  5728 | D:4      | Found a radiant altar of Vehumet.
  5734 | D:4      | Found a burning altar of Makhleb.
  5936 | D:4      | Killed Xelenos's ghost
  5936 | D:4      | Reached XP level 7. HP: 55/57 MP: 1/14
  6692 | D:4      | Found Geeg's General Store.
  6700 | D:4      | Bought a scroll of identify for 28 gold pieces
  6781 | D:5      | Entered Level 5 of the Dungeon
  6922 | D:5      | Learned a level 5 spell: Iskenderun's Battlesphere
  7147 | D:5      | Noticed Blork the orc
  7155 | D:5      | Killed Blork the orc
  7317 | D:5      | Found an opulent altar of Gozag.
  7320 | D:5      | Noticed baljet's ghost (novice MfIE)
  7364 | D:5      | Killed baljet's ghost
  7364 | D:5      | Reached skill level 5 in Dodging
  7364 | D:5      | Reached skill level 6 in Conjurations
  7364 | D:5      | Reached XP level 8. HP: 33/67 MP: 2/15
  7641 | D:5      | Found Gozag's Platinum Reserve.
  7859 | D:5      | Reached skill level 5 in Fighting
  8134 | D:6      | Noticed Menkaure
  8138 | D:6      | Killed Menkaure
  8138 | D:6      | Reached skill level 1 in Charms
  9600 | D:6      | Found a staircase to the Ecumenical Temple.
  9609 | Temple   | Entered the Ecumenical Temple
  9725 | D:6      | Reached XP level 9. HP: 74/74 MP: 12/17
 10080 | D:6      | Found a shadowy altar of Dithmenos.
 10483 | D:7      | Found a stormy altar of Qazlal.
 10756 | D:7      | Reached skill level 7 in Conjurations
 11541 | D:8      | Noticed Maurice
 11643 | D:7      | Killed from afar by an orc priest

Skill      XL: |  1  2  3  4  5  6  7  8  9 |
---------------+----------------------------+-----
Conjurations   | 4 5 6 7 |  7.2
Dodging        | 2 3 4 5 6 |  6.6
Spellcasting   | 2 3 4 |  4.1
Fighting       | 1 3 4 5 |  5.2
Hexes          | 2 3 |  3.0
Charms         | 2 3 |  3.0
Short Blades   | |  0.8
Stealth        | |  1.7

Action                   |  1- 3 |  4- 6 |  7- 9 || total
-------------------------+-------+-------+-------++-------
Melee: Dagger            |    64 |    56 |     4 ||   124
       Unarmed           |     8 |       |       ||     8
       Flail             |       |       |    41 ||    41
       Spear             |       |       |    41 ||    41
 Cast: Magic Dart        |    42 |    30 |    37 ||   109
       Searing Ray       |     8 |    18 |    54 ||    80
       Dazzling Spray    |       |       |     1 ||     1
  Use: Scroll            |     4 |     1 |     5 ||    10
       Potion            |       |       |     4 ||     4
 Stab: Sleeping          |     2 |     1 |     2 ||     5
       Distracted        |     2 |       |     1 ||     3
  Eat: Chunk             |     6 |    10 |    18 ||    34
       Beef jerky        |       |     1 |       ||     1
Armor: Robe              |    12 |       |       ||    12
       Leather armour    |     1 |    13 |    57 ||    71
Dodge: Dodged            |    56 |    52 |   179 ||   287
